 Dungeon Crawl Stone Soup version 0.23-a0-143-g1adec7b (webtiles) character file.

22 mopl the Caller (level 2, 0/19 HPs)
             Began as a Mummy Summoner on Sept 4, 2018.
             Slain by Terence
             ... wielding a +0 falchion
              (5 damage)
             ... on level 2 of the Dungeon.
             The game lasted 00:01:49 (1600 turns).

mopl the Caller (Mummy Summoner)                    Turns: 1600, Time: 00:01:50

Health: 0/19       AC:  2    Str: 11    XL:     2   Next: 68%
Magic:  1/6        EV: 12    Int: 14    God:
Gold:   55         SH:  0    Dex: 12    Spells: 4/7 levels left

rFire    x . .     SeeInvis +   (no weapon)
rCold    + . .     Gourm    .   (no shield)
rNeg     + + +     Faith    .   a - +0 robe
rPois    ∞         Spirit   .   (no helmet)
rElec    .         Reflect  .   (no cloak)
rCorr    .         Harm     .   (no gloves)
MR       .....                  (no boots)
Stlth    ++........             (no amulet)
HPRegen  0.06/turn              c - ring of see invisible
MPRegen  0.10/turn              (no ring)

@: no status effects
A: no food or potions, fire vulnerability, cold resistance 1, negative energy
resistance 3, torment resistance, unbreathing
a: no special abilities


You were on level 2 of the Dungeon.
You were not hungry.

You visited 1 branch of the dungeon, and saw 2 of its levels.

You collected 55 gold pieces.

Inventory:

Armour
 a - a +0 robe (worn)
Jewellery
 c - a ring of see invisible (left hand)
Scrolls
 b - a scroll of immolation {unknown}
 d - a scroll of fog {unknown}


   Skills:
 - Level 1.5 Dodging
 - Level 1.5 Stealth
 + Level 3.2 Spellcasting
 * Level 3.8 Summonings


You had 4 spell levels left.
You knew the following spells:

 Your Spells              Type           Power        Failure   Level  Hunger
a - Summon Small Mammal   Summ           ##..         4%          1    N/A
b - Call Imp              Summ           ##......     7%          2    N/A

Your spell library contained the following spells:

 Spells                   Type           Power        Failure   Level  Hunger
 Call Canine Familiar     Summ           ##......     13%         3    N/A
 Summon Guardian Golem    Hex/Summ       #.......     28%         3    N/A
 Summon Ice Beast         Ice/Summ       #.......     67%         4    N/A
 Summon Lightning Spire   Summ/Air       #.......     67%         4    N/A

Dungeon Overview and Level Annotations

Branches:
Dungeon (1/15)

Altars:

Annotations:
D:2 Terence


Innate Abilities, Weirdness & Mutations

You do not eat or drink.
Your flesh is vulnerable to fire.
You are immune to poison.
Your flesh is cold resistant. (rC+)
You are immune to negative energy. (rN+++)
You are immune to unholy pain and torment.
You can survive without breathing.


Message History

* * * LOW HITPOINT WARNING * * *
Your crimson imp hits Terence.
Your crimson imp barely misses Terence.
Your crimson imp hits Terence but does no damage.
Terence shouts at your crimson imp, "Now you die!"
Terence barely misses your crimson imp.
Your crimson imp barely misses Terence.
Your crimson imp hits Terence.
An adder skeleton comes into view.
Your crimson imp hits the adder skeleton.
Your crimson imp blinks!
You see here a rat corpse.
A hobgoblin comes into view. It is wielding a club.
The hobgoblin shouts!
You hear an angry hiss.
A hobgoblin comes into view.
A bat and a giant cockroach come into view.
Your crimson imp blinks!
A goblin comes into view. 2 goblins come into view.
The goblin shouts!
You hear a shout! x4; The goblin shouts!
Terence hits you with a falchion.
You die...

.......# .......#####
......#...# .g...#...#
### #.......# #.# ###
#.....5.# #.##
.g..###.....)## #..#
....g...@....####..##
.......@#.#†...†....#
.......b#.Z.......###
........##........#
g.s.....##.#§######
........##..5######
....#######.......#####.
.......5..........'.....
g%..#######.......#####.
##>.....+


You could see Terence, a giant cockroach, 2 hobgoblins, 3 goblins, a bat and a
friendly crimson imp.

Vanquished Creatures
  A giant cockroach (D:1)
  A kobold (D:2)
  8 rats
10 creatures vanquished.

Vanquished Creatures (collateral kills)
  2 leopard geckos
  2 hobgoblins
  3 jackals (D:1)
  2 frilled lizards
  10 rats
19 creatures vanquished.

Grand Total: 29 creatures vanquished

Notes
Turn   | Place    | Note
-------+----------+-------------------------------------------
     0 | D:1      | mopl the Mummy Summoner began the quest for the Orb.
     0 | D:1      | Reached XP level 1. HP: 13/13 MP: 4/4
   425 | D:1      | Reached skill level 3 in Spellcasting
   429 | D:1      | Reached XP level 2. HP: 10/19 MP: 6/6
   675 | D:1      | Learned a level 2 spell: Call Imp
  1409 | D:1      | You fall through a shaft!
  1564 | D:2      | Noticed Terence
  1600 | D:2      | Slain by Terence

Vault maps used:
D:1:      erik_arrival_orb_chamber
D:2:      cheibriados_altar_1, minmay_overflow_temple_star_quad, first_ration,
          serial_undead, serial_undead_e, serial_undead_e, serial_undead_f,
          serial_undead_f, serial_undead_f, serial_undead_e,
          kennysheep_pointless_box, kennysheep_generic_room_7, uniq_robin,
          uniq_terence

Skill      XL: |  1 |
---------------+----+-----
Spellcasting   | 3 |  3.2
Dodging        | |  1.5
Stealth        | |  1.5
Summonings     | |  3.8

Action                   || total
-------------------------++-------
Melee: Unarmed           ||    86
 Cast: Summon Small Mamm ||     5
       Call Imp          ||    13
Armor: Robe              ||    19
Dodge: Dodged            ||    54

Table legend:
 A = Non-vault XP
 B = Vault XP
 C = Vault XP percentage of total XP
 D = Non-vault monster count
 E = Vault monster count
 F = Vault count percentage of total count
                 A         B        C        D         E       F
            +---------+---------+-------+---------+---------+-------
      Total |      20 |      12 |  37.5 |      17 |      12 |  41.4
            +---------+---------+-------+---------+---------+-------
        D:1 |      12 |      12 |  50.0 |      10 |      12 |  54.5
        D:2 |       8 |       0 |   0.0 |       7 |       0 |   0.0
            +---------+---------+-------+---------+---------+-------
